Map: Orbital Shipyard

Players

Jade - Winner!

  • Race: Protoss Protoss
  • League: Master

Miszu

  • Race: Terran Terran
  • League: Grandmaster

VOD

Have the link to the VOD?

Description

Time

  • Played on: Feb. 21, 2016, 12:40 p.m.
  • Length: 17:16
Show
View Real Time Build Order
Export as new Build Order

Jade Protoss - Winner!

Build Orders: 1 Gate Expand, Dark Templar Rush 

Get SALT Encoding   

  12  0:01  Probe (Chrono Boost)  
  13  0:12  Probe (Chrono Boost)  
  14  0:17  Pylon  
  14  0:24  Probe (Chrono Boost)  
  15  0:36  Gateway  
  15  0:37  Probe (Chrono Boost)  
  16  0:48  Probe (Chrono Boost)  
  16  0:49  Assimilator  
  17  0:58  Probe (Chrono Boost)  
  18  1:09  Probe (Chrono Boost)  
  19  1:24  Nexus  
  19  1:26  Probe (Chrono Boost)  
  20  1:38  Cybernetics Core  
  20  1:41  Probe (Chrono Boost)  
  21  1:48  Assimilator  
  21  1:51  Probe (Chrono Boost)  
  22  1:59  Pylon  
  22  2:02  Probe (Chrono Boost)  
  23  2:14  Warp Gate  
  23  2:17  Probe (Chrono Boost)  
  23  2:18  Twilight Council  
  24  2:25  Stalker  
  24  2:28  Probe (Chrono Boost)  
  27  2:39  Probe (Chrono Boost)  
  27  2:40  Pylon  
  29  2:44  Probe (Chrono Boost)  
  29  2:50  Probe (Chrono Boost)  
  30  2:55  Probe (Chrono Boost)  
  31  2:59  Dark Shrine  
  31  3:02  Probe (Chrono Boost)  
  32  3:13  Robotics Facility  
  32  3:14  Probe (Chrono Boost)  
  32  3:17  Probe (Chrono Boost)  
  36  3:27  Mothership Core (Chrono Boost)  
  36  3:29  Probe (Chrono Boost)  
  37  3:35  Assimilator  
  37  3:37  Assimilator  
  37  3:39  Probe (Chrono Boost)  
  38  3:41  Gateway  
  38  3:47  Gateway  
  38  3:54  Probe  
  38  3:55  Probe  
  38  4:00  Warp Prism (Chrono Boost)  
  38  4:02  Pylon  
  42  4:08  Probe  
  43  4:10  Pylon  
  43  4:12  Probe  
  44  4:20  Probe  
  44  4:22  Dark Templar  
  44  4:24  Probe  
  48  4:32  Probe  
  48  4:33  Observer (Chrono Boost)  
  48  4:34  Probe  
  51  4:46  Nexus  
  51  4:54  Probe  
  51  4:59  Probe  
  52  5:06  Probe  
  54  5:08  Dark Templar  
  54  5:09  Dark Templar x2  
  60  5:14  Probe  
  61  5:23  Probe  
  58  5:28  Blink (Chrono Boost), Probe  
  58  5:32  Robotics Bay  
  58  5:34  Robotics Facility  
  58  5:35  Probe  
  60  5:39  Probe  
  61  5:47  Probe  
  61  5:49  Pylon, Stalker  
  64  5:51  Sentry, Stalker  
  64  5:54  Probe  
  69  5:59  Pylon  
  69  6:03  Pylon  
  67  6:06  Probe  
  67  6:07  Probe  
  67  6:08  Pylon  
  69  6:14  Gateway  
  69  6:15  Forge  
  70  6:25  Colossus (Chrono Boost)  
  69  6:30  Colossus (Chrono Boost)  
  75  6:39  Stalker  
  83  6:43  Assimilator  
  83  6:48  Assimilator  
  83  6:49  Protoss Ground Weapons Level 1  
  83  6:54  Photon Cannon  
  83  6:56  Extended Thermal Lance (Chrono Boost)  
  83  7:00  Probe x2  
  85  7:02  Stalker  
  87  7:09  Gateway  
  87  7:10  Sentry  
  87  7:14  Colossus  
  87  7:15  Pylon x2  
  94  7:34  Photon Cannon  
  92  7:38  Probe  
  92  7:39  Probe  
  92  7:40  Photon Cannon  
  94  7:45  Colossus  
  94  7:50  Photon Cannon  
  98  8:02  Gateway  
  98  8:03  Sentry x2  
  102  8:11  Sentry  
  106  8:16  Stalker x2  
  110  8:21  Forge  
  110  8:25  Gateway  
  108  8:36  Observer, Photon Cannon  
  108  8:38  Photon Cannon  
  108  8:41  Pylon  
  108  8:43  Stalker  
  108  8:44  Observer, Stalker x2  
  108  8:46  Sentry  
  108  8:47  Stalker  
  111  9:00  Probe  
  108  9:07  Stalker  
  108  9:08  Stalker x2, Protoss Ground Weapons Level 2 (Chrono Boost)  
  108  9:09  Protoss Ground Armor Level 1  
  112  9:10  Sentry x2  
  115  9:24  Stalker  
  117  9:31  Stalker x2  
  115  9:33  Stalker x2  
  115  9:35  Stalker  
  115  9:36  Stalker  
  118  9:50  Stalker x2  
  112  9:57  Stalker x4  
  104  10:01  Stalker x3  
  104  10:02  Colossus  
  104  10:09  Mothership Core  
  112  10:20  Stalker x2  
  112  10:21  Stalker x2  
  108  10:29  Stalker x2  
  108  10:32  Stalker  
  108  10:35  Colossus  
  118  10:51  Stalker  
  118  10:52  Gateway, Stalker  
  118  10:54  Stalker  
  124  10:59  Stalker  
  124  11:03  Observer, Stalker  
  129  11:19  Pylon x2  
  129  11:21  Stalker x2  
  133  11:33  Pylon  
  130  11:40  Stalker x5  
  140  11:52  Stargate  
  138  12:02  Observer  
  138  12:06  Stalker x4  
  138  12:08  Stalker  
  147  12:26  Probe x2  
  149  12:32  Stargate  
  149  12:33  Protoss Ground Weapons Level 3 (Chrono Boost)  
  149  12:43  Nexus  
  149  12:47  Pylon  
  149  12:48  Observer  
  149  12:50  Protoss Ground Armor Level 2 (Chrono Boost)  
  150  13:03  Fleet Beacon  
  150  13:04  Probe  
  150  13:05  Probe x2  
  150  13:19  Dark Shrine  
  150  13:22  Sentry x5  
  160  13:29  Stalker  
  160  13:51  Stalker x2  
  164  13:55  Pylon  
  164  13:56  Pylon, Probe  
  164  13:58  Probe  
  160  14:17  Assimilator x2  
  160  14:18  Tempest (Chrono Boost)  
  160  14:21  Tempest (Chrono Boost)  
  168  14:32  Templar Archives  
  168  14:35  Pylon  
  168  14:39  Dark Templar x2  
  168  14:45  Dark Templar  
  171  15:02  Tempest (Chrono Boost)  
  173  15:17  High Templar x2  
  173  15:18  Stalker x2  
  180  15:21  Archon  
  180  15:24  Stalker x2  
  184  15:36  Tempest (Chrono Boost)  
  184  15:39  Stalker  
  190  15:48  Pylon  
  190  15:50  Stalker  
  190  15:51  Stalker  
  188  16:00  Stalker  
  188  16:09  Dark Templar  
  186  16:20  Warp Prism  
  152  16:33  Stalker  
  146  16:42  Archon x2  
  142  17:08  High Templar x3, Stalker  
  134  17:09  Stalker x2  
  134  17:13  Archon  
Show
View Real Time Build Order
Export as new Build Order

Miszu Terran 

Build Orders: Command Center First (CC), MMM Bio 

Get SALT Encoding   

  12  0:00  SCV  
  13  0:13  SCV  
  14  0:20  Supply Depot  
  14  0:25  SCV  
  15  0:41  SCV  
  16  0:54  SCV  
  17  1:00  Command Center  
  17  1:06  SCV  
  18  1:18  Barracks, SCV  
  19  1:30  SCV  
  19  1:31  Barracks  
  20  1:42  SCV  
  20  1:47  Barracks  
  21  1:57  SCV  
  22  2:07  Marine  
  23  2:09  Orbital Command  
  23  2:13  Orbital Command  
  23  2:18  Marine  
  24  2:26  Marine  
  25  2:32  Refinery  
  25  2:33  Refinery  
  25  2:34  SCV  
  25  2:35  Marine  
  25  2:36  Marine  
  28  2:40  SCV  
  29  2:47  SCV  
  29  2:50  Supply Depot, Marine  
  31  2:52  SCV  
  31  2:55  Marine  
  31  2:56  Marine  
  34  2:59  SCV  
  34  3:03  Supply Depot  
  35  3:05  SCV  
  35  3:11  SCV  
  36  3:13  Barracks Tech Lab  
  36  3:16  Marine x2  
  38  3:24  SCV x2  
  40  3:32  Supply Depot  
  40  3:33  Marine  
  40  3:34  Marine x2  
  41  3:36  Stimpack, SCV x2  
  46  3:48  SCV  
  46  3:50  Marine, SCV  
  46  3:52  Marine x2  
  50  3:56  Refinery  
  50  3:59  Supply Depot  
  50  4:00  Factory, SCV  
  51  4:06  Supply Depot, SCV  
  51  4:08  Marine  
  53  4:12  Barracks Reactor, Barracks Tech Lab, SCV  
  54  4:18  SCV  
  54  4:19  Engineering Bay  
  55  4:25  SCV  
  55  4:30  SCV  
  57  4:33  Marine x2  
  57  4:36  Supply Depot  
  57  4:37  SCV  
  60  4:42  SCV  
  60  4:44  Starport, Combat Shields  
  60  4:45  Factory Reactor  
  61  4:49  Terran Infantry Weapons Level 1, SCV  
  62  4:53  Marauder  
  62  4:56  Marauder  
  62  4:58  SCV  
  67  5:01  SCV  
  67  5:03  Supply Depot  
  68  5:08  Missile Turret  
  68  5:11  Missile Turret  
  67  5:16  Missile Turret  
  63  5:22  SCV  
  61  5:38  Liberator  
  61  5:39  Marine, Marauder  
  61  5:40  Marauder  
  61  5:42  Factory Reactor  
  68  5:47  SCV  
  68  5:48  SCV  
  70  5:59  SCV  
  70  6:00  SCV  
  71  6:07  Marauder, Concussive Shells  
  71  6:11  SCV  
  74  6:12  SCV  
  74  6:16  Command Center  
  77  6:21  Marine x2  
  77  6:23  SCV  
  77  6:25  SCV  
  81  6:26  Refinery  
  81  6:30  Marauder  
  83  6:35  Supply Depot x2, SCV  
  83  6:37  SCV  
  83  6:46  Marauder  
  85  6:47  Marine x2, SCV  
  85  6:49  SCV  
  89  6:55  Medivac  
  89  6:56  Medivac, Barracks  
  89  6:57  Barracks  
  89  6:59  SCV  
  89  7:01  SCV  
  95  7:04  Marine, Marauder  
  95  7:07  Terran Infantry Armor Level 1  
  95  7:08  Marine  
  100  7:11  Supply Depot, SCV  
  100  7:13  SCV  
  100  7:14  Supply Depot  
  101  7:20  Fusion Core  
  101  7:23  Starport, SCV  
  101  7:25  SCV  
  101  7:29  Marauder  
  105  7:35  SCV, Orbital Command  
  108  7:37  SCV  
  108  7:40  Medivac  
  108  7:41  Medivac  
  111  7:46  Missile Turret  
  111  7:48  SCV  
  111  7:50  Barracks Reactor, Barracks Tech Lab  
  112  7:54  Marine, Marauder  
  112  7:57  Marauder  
  117  7:59  Orbital Command  
  117  8:00  Liberator  
  117  8:01  Starport Tech Lab  
  117  8:11  Refinery  
  117  8:16  Refinery, Marauder, Marine  
  117  8:17  Marauder  
  125  8:20  Advanced Ballistics  
  125  8:25  Liberator  
  125  8:32  Liberator  
  125  8:43  Marine x4  
  125  8:44  Marine  
  133  8:49  Liberator  
  113  9:08  Liberator  
  114  9:16  Marine  
  115  9:17  Marine, Marauder  
  115  9:22  Marine x2, Marauder  
  115  9:23  Marauder, Liberator  
  115  9:34  Marine  
  115  9:35  Marine  
  113  9:38  Marauder  
  113  9:39  Marine, Liberator  
  113  9:40  Marine  
  113  9:43  Marauder  
  113  9:44  Marauder  
  111  9:52  Marine  
  91  9:53  Marine  
  91  9:56  SCV x3  
  91  9:57  Marine  
  91  9:58  Marine  
  95  10:00  Marauder  
  95  10:05  Marauder x2  
  97  10:08  SCV x2  
  97  10:09  SCV  
  97  10:10  Marine  
  97  10:14  Liberator x2  
  100  10:21  Marauder  
  100  10:26  Marauder  
  100  10:27  Marauder  
  99  10:31  Marine  
  99  10:32  Marine x3  
  109  10:36  SCV x2  
  109  10:37  SCV  
  114  10:42  Marauder  
  114  10:47  Marine, Liberator  
  114  10:48  Marine, SCV  
  114  10:49  Marine, SCV  
  119  10:50  Marine x3  
  119  10:53  SCV  
  123  11:01  SCV x2  
  123  11:04  Marauder  
  130  11:05  Marine, SCV  
  130  11:06  Marauder  
  130  11:07  Marine  
  130  11:08  Marine x3  
  138  11:13  SCV x2  
  138  11:16  Command Center  
  138  11:18  SCV  
  141  11:41  Missile Turret  
  141  11:47  Marine  
  141  12:11  Liberator x3  
  141  12:23  Marine  
  141  12:28  Marine x2, Marauder x2  
  156  12:33  Engineering Bay  
  156  12:35  Armory  
  156  12:49  Missile Turret  
  156  12:50  Sensor Tower  
  156  12:55  Marine  
  156  13:00  Refinery  
  156  13:10  Refinery  
  156  13:11  Sensor Tower  
  156  13:31  Marine  
  156  13:44  Marine x2  
  156  14:10  Marine  
  156  14:24  Terran Infantry Weapons Level 2  
  156  14:25  Terran Infantry Armor Level 2  
  156  14:35  Orbital Command  
  156  14:39  Supply Depot x5, Marine  
  156  14:41  Supply Depot  
  156  14:42  Supply Depot x2  
  157  15:00  Marine x4, Marauder  
  157  15:01  Marauder x2  
  176  15:18  Marine x4, Medivac x3  
  176  15:21  Command Center  
  171  15:22  Ghost Academy, Marauder x3  
  171  15:24  Barracks x2  
  171  15:26  Barracks  
  177  15:31  Liberator  
  177  15:35  Marine x3  
  177  15:40  Marine  
  181  15:43  Marauder  
  181  15:44  Marauder x2  
  181  15:48  Medivac  
  190  15:53  Marine x3  
  193  15:58  Marine  
  191  16:05  Marauder x3  
  178  16:26  Marauder x3  
  178  16:27  SCV  
  178  16:28  Marine x7  
  127  16:45  Marine  
  127  16:46  Marine x6  
  131  16:47  Marine, Marauder  
  131  16:48  Marauder  
Tags
 
Add a new tag
Caveats
  • Supply blocks, unpowered buildings, or Contaminate may cause inaccurate times.
  • Supply counts are checked every 10 seconds.